 Dungeon Crawl Stone Soup version 0.22-a0-825-ga28c36f (webtiles) character file.

175372 Goblin1989 the Executioner (level 18, 0/252 HPs)
             Began as a Hill Orc Berserker on July 23, 2018.
             Was the Champion of Trog.
             Slain by a spark wasp (15 damage)
             ... on level 3 of the Spider Nest on July 24, 2018.
             The game lasted 02:00:23 (43029 turns).

Goblin1989 the Executioner (Hill Orc Berserker)    Turns: 43029, Time: 02:00:26

Health: 0/252      AC: 22    Str: 35    XL:     18   Next: 9%
Magic:  18/18      EV: 17    Int:  7    God:    Trog [******]
Gold:   2341       SH:  0    Dex: 11    Spells: 17/17 levels left

rFire    + . .     SeeInvis +   a - +8 executioner's axe "Brush" {elec, +Rage rN+}
rCold    . . .     Gourm    .   (shield currently unavailable)
rNeg     + . .     Faith    .   n - +0 swamp dragon scales
rPois    +         Spirit   .   L - +1 helmet {SInv}
rElec    .         Reflect  .   K - +0 cloak {MR+}
rCorr    +         Harm     .   N - +1 pair of gloves {Str+3}
MR       ++...                  D - +2 pair of boots
Stlth    ..........             (no amulet)
HPRegen  0.52/turn              t - ring of protection from fire
MPRegen  0.16/turn              g - ring of resist corrosion

@: berserking, very quick
A: no striking features
a: Berserk, Trog's Hand, Brothers in Arms, Renounce Religion, Evoke Berserk Rage


You were on level 3 of the Spider Nest.
You worshipped Trog.
Trog was exalted by your worship.
You were hungry.

You visited 6 branches of the dungeon, and saw 32 of its levels.
You also visited: Ossuary and Ice Cave.

You collected 2980 gold pieces.
You spent 639 gold pieces at shops.

Inventory:

Hand Weapons
 a - the +8 executioner's axe "Brush" (weapon) {elec, +Rage rN+}
   (You acquired it on level 8 of the Dungeon)

   Occasionally, upon striking a foe, it will discharge some electrical energy
   and cause terrible harm.
   It protects you from negative energy.
   It lets you go berserk.
 b - a +0 battleaxe of flaming
Missiles
 Z - a throwing net (quivered) {!d , @Q1}
Armour
 m - the +4 chain mail of Heresy {-Tele MR+++ Str-3 Int+7}
   (You found it on level 2 of the Spider Nest)

   It affects your strength (-3).
   It affects your intelligence (+7).
   It affects your resistance to hostile enchantments.
   It prevents most forms of teleportation.
 n - +0 swamp dragon scales (worn)
 D - a +2 pair of boots (worn)
 F - a +5 chain mail
 K - a +0 cloak of magic resistance (worn)
 L - a +1 helmet of see invisible (worn)
 N - a +1 pair of gloves of strength (worn)
 P - a +0 cloak of cold resistance
 X - a scarf of spirit shield
Jewellery
 f - an uncursed ring of protection from fire
 g - a ring of resist corrosion (right hand)
 s - an uncursed ring of see invisible
 t - a ring of protection from fire (left hand)
 I - an uncursed ring of positive energy
Wands
 p - a wand of clouds (5) {@v3}
 q - a wand of acid (4) {@v2}
 G - a wand of digging (25) {@v1}
 H - a wand of iceblast (97) {@v4}
 O - a wand of flame (34) {@v6}
Scrolls
 k - a scroll of fog
 r - 13 scrolls of remove curse {@r3}
 z - 3 scrolls of enchant armour
 B - 5 scrolls of blinking
 E - 7 scrolls of enchant weapon
 J - a scroll of holy word
 M - 4 scrolls of magic mapping
 R - 9 scrolls of identify {@r1}
 T - 10 scrolls of teleportation {!r, @r2}
 W - 4 scrolls of fear
 Y - 3 scrolls of immolation
Potions
 h - 9 potions of lignification
 o - 17 potions of curing {@q1}
 u - 2 potions of cancellation
 v - 3 potions of mutation {!q}
 y - 4 potions of ambrosia
 A - 5 potions of might {@q4}
 C - a potion of flight
 Q - 5 potions of invisibility
 S - 3 potions of agility {@q5}
 U - 10 potions of heal wounds {@q2}
 V - a potion of resistance {@q6}
Miscellaneous
 x - a phantom mirror
Comestibles
 e - 27 rations


   Skills:
 + Level 16.8 Fighting
 * Level 23.8 Axes
 + Level 15.5 Armour
 + Level 12.3 Dodging


You had 17 spell levels left.
You didn't know any spells.
Your spell library was empty.

Dungeon Overview and Level Annotations

Branches:
Dungeon (15/15)            Temple (0/1) D:6            Lair (6/6) D:8
  Swamp (4/4) Lair:4       Spider (4/4) Lair:2        Slime (0/5) Lair:6
    Orc (2/2) D:12            Elf (0/3) Orc:2        Vaults (0/5) D:14
 Depths (1/5) D:15

Altars:
Dithmenos
Gozag
Okawaru
Ru
Trog
Uskayaw
Vehumet
Wu Jian
The Shining One
Beogh

Shops:
D:10 %(   D:11 [   D:14 :   D:15 :   Orc:2 =:(!(

Portals:
Trove: D:14 (show slimy rune of Zot)

Annotations:
D:10 sking99's ghost, journeyman DrTm
Lair:4 Xunt's ghost, journeyman NaWz


Message History

You closely miss the jumping spider. The jumping spider pounces on you.
The jumping spider bites you but does no damage.
You take 5 damage, and have 152/168 hp.
You barely miss the jumping spider. The jumping spider barely misses you.
The jumping spider completely misses you.
A wolf spider comes into view.
The wolf spider hisses angrily.
You slash the jumping spider!
The jumping spider is heavily wounded.
The jumping spider pounces on you but does no damage.
The jumping spider closely misses you.
You closely miss the jumping spider.
The jumping spider is heavily wounded.
The jumping spider hisses angrily.
The jumping spider pounces on you!
You are caught in a web!
The jumping spider barely misses you.
The jumping spider leaps!
The jumping spider pounces on you! The jumping spider barely misses you.
You take 17 damage, and have 136/168 hp.
The spark wasp stings you. The spark wasp shocks you!
The jumping spider barely misses you.
The jumping spider bites you but does no damage.
The jumping spider pounces on you but does no damage.
The jumping spider bites you but does no damage.
The spark wasp barely misses you.
You take 20 damage, and have 116/168 hp.
You slice the jumping spider!!
You kill the jumping spider!
Trog accepts your kill.
You hit the spark wasp. You slash the jumping spider!
The jumping spider pounces on you.
The jumping spider bites you but does no damage.
The spark wasp misses you.
You take 2 damage, and have 114/168 hp.
You slice the jumping spider!!
You kill the jumping spider!
Trog accepts your kill.
You hit the spark wasp.
The spark wasp stings you but does no damage.
Unknown command.
You slice the spark wasp!!
The spark wasp is heavily wounded.
The spark wasp stings you. The spark wasp shocks you!
A redback comes into view.
You take 17 damage, and have 97/168 hp.
Unknown command.
The spark wasp closely misses you. The wolf spider barely misses you. x2
The spark wasp completely misses you.
You climb upwards.
There is a stone staircase leading down, spattered with blood here.
Unknown command.
You are too injured to fight recklessly!
Unknown command.
You are too injured to fight recklessly!
Unknown command.
You are too injured to fight recklessly!
Unknown command.
You are too injured to fight recklessly!
You completely miss the spark wasp.
The spark wasp is heavily wounded.
You closely miss the wolf spider. The wolf spider hits you!
The wolf spider bites you but does no damage.
The spark wasp stings you. The spark wasp shocks you!
* * * LOW HITPOINT WARNING * * *
Trog roars: Now electric eel!!!
You take 29 damage, and have 69/168 hp.
You barely miss the spark wasp.
The spark wasp is heavily wounded.
You barely miss the wolf spider. The wolf spider hits you!
* * * LOW HITPOINT WARNING * * *
The wolf spider bites you but does no damage.
The spark wasp stings you.
* * * LOW HITPOINT WARNING * * *
The spark wasp shocks you!
* * * LOW HITPOINT WARNING * * *
You take 35 damage, and have 34/168 hp.
MASSIVE DAMAGE!!
Trog roars: Now orc!!!
You closely miss the spark wasp.
The spark wasp is heavily wounded.
You hit the wolf spider.
The wolf spider hits you but does no damage.
The wolf spider bites you.
* * * LOW HITPOINT WARNING * * *
The spark wasp barely misses you. The wolf spider hits you!
* * * LOW HITPOINT WARNING * * *
The wolf spider bites you but does no damage.
You take 11 damage, and have 23/168 hp.
A red film seems to cover your vision as you go berserk!
You feel yourself moving faster!
You feel mighty!
You are feeling hungry.
The spark wasp closely misses you. The wolf spider misses you.
The wolf spider bites you but does no damage.
The spark wasp misses you.
You now have 35/252 hp.
You miss the spark wasp.
The spark wasp is heavily wounded.
You barely miss the wolf spider. The wolf spider hits you!
* * * LOW HITPOINT WARNING * * *
The wolf spider completely misses you. The spark wasp stings you!
* * * LOW HITPOINT WARNING * * *
The spark wasp shocks you!
You die...

█≈≈...^......................^.
███............^.................
█......................^......?..
█...............>.......^........
█.............^..................
█^...............................
██..................^..........^.
█^.............s.y...........^███
██...........^..@..........^.....
███^..........^.................
██...^...........^............
███.█≈█≈██.....................
█≈≈██..........................
█≈.............................
██...........................^.
█≈....^.......^..^......█......
██≈..........(..........█......


You could see a spark wasp and a wolf spider.

Vanquished Creatures
  Donald (Orc:1)
  An orc warlord (Orc:1)
  Nessos (Lair:6)
  An entropy weaver (Spider:1)
  21 hydras
  Fannar (Orc:2)
  A catoblepas (D:15)
  The ghost of Xetaorace the Cleaver, a journeyman DsGl of Uskayaw (Lair:1)
  5 centaur warriors
  A ghost crab (Swamp:4)
  3 death yaks (Lair:6)
  9 alligators
  A tengu warrior (D:15)
  6 two-headed ogres
  An ogre mage (Orc:2)
  3 orc high priests (Orc:2)
  Sonja (Lair:1)
  A deep elf knight (D:14)
  5 skeletal warriors
  A spriggan druid (Swamp:4)
  5 swamp dragons
  2 shambling mangroves
  3 unseen horrors (D:15)
  A phantasmal warrior (D:15)
  2 necromancers
  A wolf spider zombie (D:15)
  A fire giant zombie (D:15)
  8 orc knights
  13 orb spiders
  5 orc sorcerers (Orc:2)
  10 deep elf magi
  A manticore (D:15)
  A stone giant zombie (D:15)
  4 oklob plants
  5 cyclopes
  7 ugly things
  20 wolf spiders
  A moth of wrath (Spider:3)
  A black mamba (Lair:4)
  A spiny frog (shapeshifter) (D:14)
  A black mamba (shapeshifter) (D:14)
  8 centaur skeletons
  An ice statue (IceCv)
  2 orange demons (Swamp:4)
  2 gargoyles (D:15)
  A rime drake (shapeshifter) (D:15)
  21 spiny frogs
  11 freezing wraiths
  6 komodo dragons
  A yaktaur (D:15)
  A rime drake (Lair:5)
  6 demonic crawlers
  10 trolls
  27 jumping spiders
  A spriggan skeleton (D:15)
  12 hornets
  A wolf spider simulacrum (IceCv)
  8 polar bears
  10 tyrant leeches
  11 bog bodies
  7 dream sheep (Lair:6)
  Prince Ribbit (Lair:2)
  A blink frog (shapeshifter) (D:15)
  16 slime creatures
  12 hippogriffs
  6 shadows
  17 blink frogs
  60 redbacks
  A vampire (D:12)
  16 spriggans
  17 tarantellas
  2 wyverns (D:12)
  4 wraiths
  43 yaks
  A yak (shapeshifter) (D:13)
  2 steam dragons
  9 vampire mosquitoes (Swamp:4)
  7 basilisks
  3 hungry ghosts
  4 wargs
  A soldier ant (D:15)
  14 water moccasins
  An acid dragon (D:14)
  A tengu zombie (D:15)
  9 swamp worms
  4 porcupines
  40 orc warriors
  16 ice beasts
  Duvessa (D:4)
  3 swamp drakes
  4 sky beasts
  An alligator simulacrum (IceCv)
  7 black bears
  4 phantoms
  A necrophage (D:10)
  28 wolves
  19 ogres
  7 boggarts
  17 centaurs
  16 crocodiles
  3 big kobolds
  21 bullfrogs
  Dowan (D:4)
  A water moccasin zombie (Ossuary)
  3 scorpions
  A water moccasin skeleton (D:5)
  8 wights
  7 electric eels
  8 crimson imps
  3 jellies (Lair:6)
  A quasit (D:7)
  5 draconian simulacra (IceCv)
  3 bullfrog zombies
  4 centaur zombies
  14 hounds
  15 orc priests
  2 bullfrog skeletons
  30 orc wizards
  4 iguanas
  8 worker ants
  4 troll simulacra (IceCv)
  2 wolf simulacra (IceCv)
  3 centaur simulacra
  A big kobold zombie (Ossuary)
  2 mummies (Ossuary)
  4 gnolls (D:7)
  3 naga simulacra (IceCv)
  11 adders
  6 ogre simulacra (IceCv)
  A shadow imp (D:14)
  12 white imps (IceCv)
  6 adder zombies
  2 adder skeletons
  8 worms
  3 leopard geckos
  95 orcs
  A ball python (D:3)
  6 bats
  10 giant cockroaches
  A goblin (D:1)
  4 hobgoblins
  14 jackals
  19 kobolds
  3 quokkas
  A ball python skeleton (D:4)
  A frilled lizard (D:3)
  5 gnoll zombies (Ossuary)
  A hobgoblin zombie (Ossuary)
  4 kobold zombies (Ossuary)
  6 orc zombies (Ossuary)
  10 rats
  5 fungi
  6 plants
  4 withered plants (D:15)
1127 creatures vanquished.

Vanquished Creatures (collateral kills)
  4 hydras
  A skeletal warrior (D:15)
  A manticore (D:15)
  A centaur (D:14)
  A scorpion (D:12)
8 creatures vanquished.

Vanquished Creatures (others)
  A tarantella (Spider:3)
  3 fungi (Lair:6)
  4 plants
8 creatures vanquished.

Grand Total: 1143 creatures vanquished

Notes
Turn   | Place    | Note
-------+----------+-------------------------------------------
     0 | D:1      | Goblin1989 the Hill Orc Berserker began the quest for the Orb.
     0 | D:1      | Reached XP level 1. HP: 19/19 MP: 1/1
   318 | D:1      | Reached XP level 2. HP: 23/27 MP: 2/2
   792 | D:1      | Reached XP level 3. HP: 25/33 MP: 3/3
  1972 | D:2      | Reached skill level 5 in Axes
  1973 | D:2      | Reached ** piety under Trog
  1973 | D:2      | Reached XP level 4. HP: 40/40 MP: 4/4
  3072 | D:3      | Reached XP level 5. HP: 47/47 MP: 5/5
  3684 | D:4      | Found a radiant altar of Vehumet.
  3684 | D:4      | Found a glowing golden altar of the Shining One.
  3685 | D:4      | Noticed an ogre
  3686 | D:4      | Found an ornate altar of the Wu Jian Council.
  3686 | D:4      | Found an opulent altar of Gozag.
  3693 | D:4      | Killed an ogre
  3693 | D:4      | Reached skill level 6 in Axes
  3693 | D:4      | Reached XP level 6. HP: 55/55 MP: 6/6
  4036 | D:4      | Reached skill level 5 in Fighting
  4431 | D:4      | Noticed Duvessa
  4431 | D:4      | Noticed Dowan
  4453 | D:4      | Killed Duvessa
  4453 | D:4      | Reached skill level 7 in Axes
  4453 | D:4      | Reached XP level 7. HP: 52/61 MP: 7/7
  4507 | D:4      | Killed Dowan
  5266 | D:5      | Entered Level 5 of the Dungeon
  5394 | D:5      | Reached skill level 8 in Axes
  5578 | D:5      | HP: 4/93 [iguana (6)]
  6169 | D:5      | Reached XP level 8. HP: 70/70 MP: 8/8
  6570 | D:5      | Reached skill level 5 in Armour
  6820 | D:6      | Reached skill level 9 in Axes
  6888 | D:6      | Found a staircase to the Ecumenical Temple.
  7081 | D:6      | Found a shadowy altar of Dithmenos.
  7468 | D:7      | Reached skill level 10 in Axes
  7468 | D:7      | Reached XP level 9. HP: 57/79 MP: 9/9
  8409 | D:7      | Reached *** piety under Trog
  8710 | D:7      | Reached skill level 11 in Axes
  8710 | D:7      | Reached skill level 5 in Dodging
  9149 | D:7      | Got an ancient ring mail
  9160 | D:7      | Identified the +3 ring mail of Boredom {+Inv Dex+6} (You found it on level 7 of the Dungeon)
  9214 | D:8      | Noticed a five-headed hydra
  9268 | D:8      | Identified a scroll of acquirement
  9269 | D:8      | Got a pitted executioner's axe
  9270 | D:8      | Identified the +8 executioner's axe "Brush" {elec, +Rage rN+} (You acquired it on level 8 of the Dungeon)
  9314 | D:8      | Found a sand-covered staircase.
  9323 | Ossuary  | Entered an ossuary
  9568 | D:8      | Got a heavily jewelled robe
  9586 | D:8      | Reached XP level 10. HP: 85/88 MP: 10/10
  9924 | D:9      | Reached skill level 12 in Axes
 10055 | D:9      | Reached **** piety under Trog
 10114 | D:9      | Reached skill level 13 in Axes
 10553 | D:10     | Entered Level 10 of the Dungeon
 10564 | D:10     | Found a runed gate.
 10564 | D:10     | Found a runed gate.
 10564 | D:10     | Found a runed gate.
 10564 | D:10     | Noticed sking99's ghost (journeyman DrTm)
 10665 | D:10     | Found Reothy's Weapon Shoppe.
 10702 | D:10     | Found Idug Ugu's Food Shop.
 10796 | D:10     | Reached XP level 11. HP: 97/97 MP: 11/11
 11370 | D:11     | Reached ***** piety under Trog
 11567 | D:11     | Reached skill level 14 in Axes
 11663 | D:11     | Noticed a two-headed ogre
 11667 | D:11     | Reached skill level 10 in Fighting
 11672 | D:11     | Killed a two-headed ogre
 11924 | D:11     | Found Sizong's Armour Shoppe.
 11933 | D:11     | Bought a +1 helmet of see invisible for 264 gold pieces
 11933 | D:11     | Bought a +0 cloak of magic resistance for 184 gold pieces
 12060 | D:11     | Found a sacrificial altar of Ru.
 12235 | D:12     | Noticed a red ugly thing
 12241 | D:12     | Killed a red ugly thing
 12251 | D:12     | Noticed a purple ugly thing
 12265 | D:12     | Killed a purple ugly thing
 12322 | D:12     | Noticed a deep elf mage
 12324 | D:12     | Received a gift from Trog
 12333 | D:12     | Killed a deep elf mage
 12333 | D:12     | Reached skill level 15 in Axes
 12348 | D:12     | Noticed a cyclops
 12350 | D:12     | Noticed a cyclops
 12789 | D:12     | Noticed a skeletal warrior
 12790 | D:12     | Killed a cyclops
 12792 | D:12     | Noticed a skeletal warrior
 12794 | D:12     | Reached XP level 12. HP: 93/108 MP: 12/12
 13226 | D:12     | Reached skill level 10 in Armour
 13232 | D:12     | Noticed a six-headed hydra
 13240 | D:12     | Killed a six-headed hydra
 13302 | D:12     | Found a staircase to the Orcish Mines.
 13762 | D:13     | Reached skill level 16 in Axes
 13768 | D:13     | Found a frozen archway.
 13792 | IceCv    | Entered an ice cave
 13971 | IceCv    | Received a gift from Trog
 14611 | IceCv    | Found an ancient bone altar of Kikubaaqudgha.
 14852 | IceCv    | HP: 8/166 [ice statue/freezing blast (15)]
 15317 | D:13     | Reached XP level 13. HP: 117/117 MP: 13/13
 15354 | D:13     | Got a slimy great sword
 15369 | D:13     | Reached skill level 17 in Axes
 16051 | D:14     | Identified the +5 great sword "Ytaaqobe" {antimagic, Int+4} (You found it on level 13 of the Dungeon)
 16058 | D:14     | Found Sydd's Book Shop.
 16845 | D:14     | Reached skill level 18 in Axes
 16849 | D:14     | Received a gift from Trog
 17378 | D:14     | Found a portal to a secret trove of treasure.
 17537 | D:14     | Found an iron altar of Okawaru.
 17628 | D:14     | Found a gate to the Vaults.
 17875 | D:15     | Entered Level 15 of the Dungeon
 17887 | D:15     | Reached XP level 14. HP: 126/127 MP: 14/14
 17963 | D:15     | Found a staircase to the Depths.
 18333 | D:15     | Found Zuekamel's Book Boutique.
 18774 | D:15     | Reached skill level 19 in Axes
 18777 | D:15     | Received a gift from Trog
 19729 | Depths:1 | Entered Level 1 of the Depths
 19786 | Orc:1    | Entered Level 1 of the Orcish Mines
 19860 | Orc:2    | Entered Level 2 of the Orcish Mines
 19860 | Orc:2    | Found Xidegaem's Jewellery Shop.
 19872 | Orc:2    | Noticed Donald
 19884 | Orc:1    | Killed Donald
 20538 | Orc:2    | Found a bloodstained altar of Trog.
 20558 | Orc:1    | Noticed Fannar
 20558 | Orc:1    | Noticed an orc warlord
 20781 | Orc:2    | Reached skill level 10 in Dodging
 20955 | Orc:2    | Killed Fannar
 20955 | Orc:2    | Reached XP level 15. HP: 138/138 MP: 15/15
 21156 | Orc:2    | Reached skill level 20 in Axes
 21159 | Orc:2    | Found Cetz's Weapon Shoppe.
 21159 | Orc:2    | Found Dennineb's Book Shoppe.
 21173 | Orc:2    | Found Icatipt's Distillery.
 21176 | Orc:2    | Found Elidwide's Antique Weapon Shop.
 21465 | Orc:2    | Bought a +0 battleaxe of flaming for 191 gold pieces
 21537 | Orc:2    | Found a staircase to the Elven Halls.
 22139 | Orc:1    | Reached ****** piety under Trog
 22143 | Orc:1    | Killed an orc warlord
 22145 | Orc:1    | Received a gift from Trog
 22151 | Orc:1    | Found a roughly hewn altar of Beogh.
 22723 | D:8      | Found a staircase to the Lair.
 23068 | D:8      | Found a hide-covered altar of Uskayaw.
 23325 | Lair:1   | Entered Level 1 of the Lair of Beasts
 23409 | Lair:1   | Found a runed door.
 23412 | Lair:1   | Noticed Xetaorace's ghost (journeyman DsGl)
 23444 | Lair:1   | Noticed Sonja
 23455 | Lair:1   | Killed Sonja
 24487 | Lair:1   | Killed Xetaorace's ghost
 24795 | Lair:2   | Noticed Prince Ribbit
 24803 | Lair:2   | Killed Prince Ribbit
 24823 | Lair:2   | Received a gift from Trog
 25056 | Lair:2   | Found a hole to the Spider Nest.
 26335 | Lair:4   | Reached skill level 21 in Axes
 26487 | Lair:4   | Noticed Xunt's ghost (journeyman NaWz)
 26631 | Lair:4   | Found a runed gate.
 26631 | Lair:4   | Found a runed gate.
 26631 | Lair:4   | Found a runed gate.
 26842 | Lair:4   | Found a staircase to the Swamp.
 27092 | Swamp:1  | Entered Level 1 of the Swamp
 27284 | Swamp:1  | Got a heavy robe
 27584 | Swamp:1  | Reached XP level 16. HP: 127/147 MP: 16/16
 27728 | Swamp:1  | Reached skill level 15 in Fighting
 28419 | Swamp:1  | Received a gift from Trog
 28881 | Swamp:2  | Paralysed by a hornet for 2 turns
 31402 | Swamp:4  | Entered Level 4 of the Swamp
 31911 | Swamp:4  | Reached skill level 22 in Axes
 32151 | Swamp:4  | Received a gift from Trog
 33257 | Swamp:4  | HP: 10/225 [brown very ugly thing (13)]
 34808 | Lair:6   | Entered Level 6 of the Lair of Beasts
 35004 | Lair:6   | Noticed Nessos
 35069 | Lair:6   | Killed Nessos
 35381 | Lair:6   | Reached XP level 17. HP: 132/158 MP: 17/17
 35745 | Lair:6   | Received a gift from Trog
 36744 | Lair:6   | Found a staircase to the Slime Pits.
 36759 | Lair:6   | Received a gift from Trog
 37459 | Spider:1 | Entered Level 1 of the Spider Nest
 37472 | Spider:1 | Reached skill level 23 in Axes
 37818 | Spider:1 | Reached skill level 15 in Armour
 38458 | Spider:1 | Received a gift from Trog
 39776 | Spider:1 | Upgraded the game from 0.22-a0-815-gb582571 to 0.22-a0-825-ga28c36f
 40474 | Spider:2 | Got a pitted chain mail
 41464 | Spider:2 | Identified the +4 chain mail of Heresy {-Tele MR+++ Str-3 Int+7} (You found it on level 2 of the Spider Nest)
 42021 | Spider:3 | Reached XP level 18. HP: 105/168 MP: 18/18
 42452 | Spider:4 | Entered Level 4 of the Spider Nest
 43029 | Spider:3 | Slain by a spark wasp

Vault maps used:
D:1:      mrwooster_arrival_statue_2
D:2:      first_ration, minmay_surrounded
D:4:      chequers_temple_overflow_statue_of_worship, uniq_duvessa
D:5:      nrook_uturn
D:6:      minmay_temple_entry_glassed_door, chequers_big_river,
          grunt_dithmenos_smoke_and_mirrors
D:8:      erik_lair_island, lightli_ossuary_entry_decrepit_ruins, basic_altar,
          kennysheep_boxes
D:10:     serial_shops, nicolae_shop_window_shopping, shop,
          ebering_ghost_rock_garden
D:11:     serial_shops, nicolae_shop_trees, basic_altar
D:12:     orc_0_dummy
D:13:     portal_ice_cave_entry_ice_beasts
D:14:     hangedman_vaults_entry_quadrant_bands, okawaru_ov_weapons_minmay,
          enter_trove_0, serial_shops, nicolae_shop_trees
D:15:     gammafunk_depths_entry_grave, wad_floor_pattern_untrapped,
          serial_shops, shop, grunt_ministairs_8, st_stairs_1, item_on_display_a
Lair:1:   dpeg_oklob_gauntlet, hellmonk_ghost_happy_afterlife,
          grunt_forest_stairs_basic, minivault_27, uniq_sonja
Lair:2:   nicolae_spider_entry_non_spiders, cheibrodos_lair_lostbears,
          uniq_prince_ribbit2
Lair:3:   grunt_megastairs_4, serial_bayou_shore_b
Lair:4:   swamp_mist_pool, gammafunk_ghost_icy
Lair:5:   lemuel_fruit_fields
Lair:6:   minmay_lair_end_enchanted_forest, minmay_slime_entry_pillars,
          minmay_lair_oklob_chamber, uniq_nessos
Swamp:1:  nicolae_swamp_fairy_circle, swamp_pool1
Swamp:2:  nicolae_swamp_trees_clearing
Swamp:3:  evilmike_swamp_ruin_wall
Swamp:4:  swamp_vile
Spider:1: nicolae_spider_circle_web, nicolae_spider_nook
Spider:4: grunt_spider_rune_circles, ebering_ghost_xom, uniq_asterion
Orc:1:    basic_altar, nicolae_orc_rockfall, uniq_fannar
Orc:2:    st_orc_elflike, serial_shops, nicolae_shop_crystal, trog_book,
          uniq_donald
Depths:1: tso_altar, grunt_mini_vestibule, ice2_lemuel, minmay_shop_grove,
          serial_bayou_shore_b, uniq_mara
Ossuary:  ossuary_tomb_2
IceCv:    ice_cave_small_necro

Skill      XL: |  1  2  3  4  5  6  7  8  9 10 11 12 13 14 15 16 17 |
---------------+----------------------------------------------------+-----
Fighting       | 4 5 7 8 9 10 11 12 14 15 16 | 16.8
Dodging        | 2 3 4 5 6 7 8 9 10 11 12 | 12.3
Axes           | 5 6 7 8 10 11 13 15 16 18 19 21 22 23 | 23.8
Armour         | 3 4 5 7 8 9 10 11 12 13 14 15 | 15.5

Action                   |  1- 3 |  4- 6 |  7- 9 | 10-12 | 13-15 | 16-18 || total
-------------------------+-------+-------+-------+-------+-------+-------++-------
Melee: Hand axe          |   136 |   167 |   403 |       |       |       ||   706
       Executioner's axe |       |       |    37 |   375 |   666 |   849 ||  1927
       War axe           |       |       |    22 |       |       |       ||    22
       Battleaxe         |       |       |       |       |    34 |    84 ||   118
Throw: Throwing net      |       |       |       |       |       |     1 ||     1
Invok: Berserk           |     1 |     4 |    10 |     9 |     8 |     5 ||    37
       Trog's Hand       |       |     2 |     3 |     7 |     5 |     6 ||    23
       Brothers in Arms  |       |       |       |     2 |     4 |       ||     6
Evoke: Wand              |       |       |       |       |     3 |     7 ||    10
  Use: Scroll            |       |       |    15 |     5 |     4 |    13 ||    37
       Potion            |       |       |       |     1 |       |     2 ||     3
 Stab: Sleeping          |     2 |       |       |       |       |       ||     2
       Distracted        |       |       |       |       |     1 |       ||     1
       Paralysed         |       |       |       |       |       |     5 ||     5
  Eat: Chunk             |     3 |    12 |    14 |    22 |    37 |    25 ||   113
       Ration            |       |       |    11 |     4 |     4 |     9 ||    28
Armor: Animal skin       |    20 |    16 |     2 |       |       |       ||    38
       Chain mail        |       |       |   209 |   229 |   408 |    29 ||   875
       Swamp dragon scal |       |       |       |       |       |   558 ||   558
Dodge: Dodged            |    86 |   115 |   202 |   241 |   498 |   890 ||  2032

Table legend:
 A = Spawn XP
 B = Non-spawn XP
 C = Spawn XP percentage of total XP
 D = Spawn monster count
 E = Non-spawn monster count
 F = Spawn count percentage of total count
 G = Total turns spent on level
                    A         B        C        D         E        F      G
               +---------+---------+-------+---------+---------+-------+---------
         Total |       0 |  250931 |   0.0 |       0 |    1120 |   0.0 | 43029
               +---------+---------+-------+---------+---------+-------+---------
           D:1 |       0 |      38 |   0.0 |       0 |      22 |   0.0 |  1179
           D:2 |       0 |     102 |   0.0 |       0 |      22 |   0.0 |  1528
           D:3 |       0 |     113 |   0.0 |       0 |      21 |   0.0 |   994
           D:4 |       0 |     708 |   0.0 |       0 |      15 |   0.0 |  1615
           D:5 |       0 |     521 |   0.0 |       0 |      11 |   0.0 |  1473
           D:6 |       0 |     796 |   0.0 |       0 |      17 |   0.0 |   604
           D:7 |       0 |    2010 |   0.0 |       0 |      34 |   0.0 |  1847
           D:8 |       0 |    2688 |   0.0 |       0 |      24 |   0.0 |  1083
           D:9 |       0 |    3148 |   0.0 |       0 |      26 |   0.0 |   827
          D:10 |       0 |    1965 |   0.0 |       0 |      24 |   0.0 |   830
          D:11 |       0 |    4280 |   0.0 |       0 |      42 |   0.0 |  1251
          D:12 |       0 |    8795 |   0.0 |       0 |      45 |   0.0 |  1151
          D:13 |       0 |    6026 |   0.0 |       0 |      35 |   0.0 |  1063
          D:14 |       0 |   17671 |   0.0 |       0 |      63 |   0.0 |  1943
          D:15 |       0 |   19012 |   0.0 |       0 |      47 |   0.0 |  1556
        Lair:1 |       0 |    6529 |   0.0 |       0 |      20 |   0.0 |  1194
        Lair:2 |       0 |    7614 |   0.0 |       0 |      36 |   0.0 |   866
        Lair:3 |       0 |    5561 |   0.0 |       0 |      19 |   0.0 |   992
        Lair:4 |       0 |    3615 |   0.0 |       0 |      12 |   0.0 |   804
        Lair:5 |       0 |    7198 |   0.0 |       0 |      26 |   0.0 |  1280
        Lair:6 |       0 |   26810 |   0.0 |       0 |     103 |   0.0 |  2369
       Swamp:1 |       0 |   13148 |   0.0 |       0 |      32 |   0.0 |  1720
       Swamp:2 |       0 |    8699 |   0.0 |       0 |      20 |   0.0 |  1191
       Swamp:3 |       0 |    6290 |   0.0 |       0 |      12 |   0.0 |  2035
       Swamp:4 |       0 |   18011 |   0.0 |       0 |      44 |   0.0 |  1683
      Spider:1 |       0 |   20467 |   0.0 |       0 |      60 |   0.0 |  2318
      Spider:2 |       0 |   13364 |   0.0 |       0 |      41 |   0.0 |  2139
      Spider:3 |       0 |    9821 |   0.0 |       0 |      31 |   0.0 |  1052
      Spider:4 |       0 |    4046 |   0.0 |       0 |      13 |   0.0 |    61
         Orc:1 |       0 |    5312 |   0.0 |       0 |      38 |   0.0 |   631
         Orc:2 |       0 |   19913 |   0.0 |       0 |      86 |   0.0 |  1991
       Ossuary |       0 |     190 |   0.0 |       0 |      25 |   0.0 |   234
         IceCv |       0 |    6470 |   0.0 |       0 |      54 |   0.0 |  1523
               +---------+---------+-------+---------+---------+-------+---------

Vault maps used:
D:1:      mrwooster_arrival_statue_2
D:2:      first_ration, minmay_surrounded
D:4:      chequers_temple_overflow_statue_of_worship, uniq_duvessa
D:5:      nrook_uturn
D:6:      minmay_temple_entry_glassed_door, chequers_big_river,
          grunt_dithmenos_smoke_and_mirrors
D:8:      erik_lair_island, lightli_ossuary_entry_decrepit_ruins, basic_altar,
          kennysheep_boxes
D:10:     serial_shops, nicolae_shop_window_shopping, shop,
          ebering_ghost_rock_garden
D:11:     serial_shops, nicolae_shop_trees, basic_altar
D:12:     orc_0_dummy
D:13:     portal_ice_cave_entry_ice_beasts
D:14:     hangedman_vaults_entry_quadrant_bands, okawaru_ov_weapons_minmay,
          enter_trove_0, serial_shops, nicolae_shop_trees
D:15:     gammafunk_depths_entry_grave, wad_floor_pattern_untrapped,
          serial_shops, shop, grunt_ministairs_8, st_stairs_1, item_on_display_a
Lair:1:   dpeg_oklob_gauntlet, hellmonk_ghost_happy_afterlife,
          grunt_forest_stairs_basic, minivault_27, uniq_sonja
Lair:2:   nicolae_spider_entry_non_spiders, cheibrodos_lair_lostbears,
          uniq_prince_ribbit2
Lair:3:   grunt_megastairs_4, serial_bayou_shore_b
Lair:4:   swamp_mist_pool, gammafunk_ghost_icy
Lair:5:   lemuel_fruit_fields
Lair:6:   minmay_lair_end_enchanted_forest, minmay_slime_entry_pillars,
          minmay_lair_oklob_chamber, uniq_nessos
Swamp:1:  nicolae_swamp_fairy_circle, swamp_pool1
Swamp:2:  nicolae_swamp_trees_clearing
Swamp:3:  evilmike_swamp_ruin_wall
Swamp:4:  swamp_vile
Spider:1: nicolae_spider_circle_web, nicolae_spider_nook
Spider:4: grunt_spider_rune_circles, ebering_ghost_xom, uniq_asterion
Orc:1:    basic_altar, nicolae_orc_rockfall, uniq_fannar
Orc:2:    st_orc_elflike, serial_shops, nicolae_shop_crystal, trog_book,
          uniq_donald
Depths:1: tso_altar, grunt_mini_vestibule, ice2_lemuel, minmay_shop_grove,
          serial_bayou_shore_b, uniq_mara
Ossuary:  ossuary_tomb_2
IceCv:    ice_cave_small_necro
